 Dungeon Crawl Stone Soup version 0.29-a0-1023-g6ae1a4a2c7 (webtiles) character file.

Game seed: 663134982007432240

189402 quinnr the Cloud Mage (level 18, 0/107 HPs)
             Began as a Tengu Air Elementalist on Aug 10, 2022.
             Was a High Priest of Vehumet.
             Slain by a cyan very ugly thing (6 damage)
             ... on level 1 of the Vaults on Aug 11, 2022.
             The game lasted 01:57:41 (52863 turns).

quinnr the Cloud Mage (Tengu Air Elementalist)     Turns: 52863, Time: 01:57:42

Health: 0/107      AC:  5    Str:  8    XL:     18   Next: 13%
Magic:  4/35       EV: 39    Int: 22    God:    Vehumet [*****.]
Gold:   2134       SH:  9    Dex: 20    Spells: 2/41 levels left

rFire   + . .      SeeInvis +   x - staff of air
rCold   + . .      Faith    .   B - +3 warlock's mirror {reflect}
rNeg    . . .      Spirit   .   U - +0 robe "Inwoxaod" {rPois SInv}
rPois   +          Reflect  +   G - +1 hat
rElec   +          Harm     .   H - scarf {repulsion}
rCorr   .          Rampage  .   D - +1 pair of gloves {Dex+3}
Will    +....                   (boots unavailable)
Stlth   +++++.....              K - amulet of Ekleashri {Acrobat rF+}
HPRegen 0.27/turn               A - ring of protection from cold
MPRegen 0.24/turn               Y - ring of wizardry

@: about to teleport, acrobatic, flying quickly and evasively, repel missiles,
quick
A: beak, talons 3, nimble flight
}: 1/15 runes: serpentine
a: Renounce Religion


You were on level 1 of the Vaults.
You worshipped Vehumet.
Vehumet was extremely pleased with you.
You visited 6 branches of the dungeon, and saw 28 of its levels.
You visited the Abyss 1 time.

You collected 3235 gold pieces.
You spent 1101 gold pieces at shops.

Inventory:

Missiles
 n - 5 throwing nets
 w - 9 atropa-tipped darts
 z - 43 poisoned darts
 M - 14 curare-tipped darts
Armour
 B - the +3 warlock's mirror (worn) {reflect}
   (You found it on level 12 of the Dungeon)

   It can block and reflect piercing ranged attacks and magical attacks against
   the wielder's willpower.
 D - a +1 pair of gloves of dexterity (worn)
 G - a +1 hat (worn)
 H - a scarf of repulsion (worn)
 U - the +0 robe "Inwoxaod" (worn) {rPois SInv}
   (You found it on level 2 of the Lair of Beasts)

   rPois:     It protects you from poison.
   SInv:      It lets you see invisible.
 W - a +2 robe of the Archmagi
Magical Staves
 x - a staff of air (weapon)
Jewellery
 b - the ring of Nemelex Xobeh's Anger {rF++ rN+ Int+4 Stlth-}
   (You found it on level 3 of the Snake Pit)

   [ring of positive energy]

   Int:       It affects your intelligence (+4).
   rF:        It greatly protects you from fire.
   rN:        It protects you from negative energy.
   Stlth:     It makes you less stealthy.
 p - a ring of resist corrosion
 A - a ring of protection from cold (left hand)
 K - the amulet of Ekleashri (around neck) {Acrobat rF+}
   (You took it off a centaur on level 8 of the Dungeon)

   [amulet of the acrobat]

   It increases your evasion while moving and waiting.
   rF:        It protects you from fire.
 L - the ring "Iphualeo" {Fire rCorr Str-5 Dex+4}
   (You found it on level 9 of the Dungeon)

   [ring of fire]

   It enhances your fire magic.
   Str:       It affects your strength (-5).
   Dex:       It affects your dexterity (+4).
   rF:        It protects you from fire.
   rC:        It makes you vulnerable to cold.
   rCorr:     It protects you from acid and corrosion.
 O - a ring of positive energy
 Y - a ring of wizardry (right hand)
Wands
 m - a wand of flame (120)
 s - a wand of roots (19)
 u - a wand of polymorph (3)
 y - a wand of mindburst (30)
 F - a wand of digging (6)
 R - a wand of acid (8)
Scrolls
 a - 5 scrolls of butterflies
 k - 2 scrolls of immolation
 l - 3 scrolls of poison
 o - 4 scrolls of teleportation
 q - 3 scrolls of summoning
 t - 2 scrolls of magic mapping
 C - 2 scrolls of fear
 E - 6 scrolls of enchant armour
 J - a scroll of blinking
 P - a scroll of enchant weapon
 Q - a scroll of amnesia
 S - a scroll of silence
Potions
 c - 4 potions of lignification
 d - 5 potions of heal wounds
 e - 8 potions of flight
 f - 3 potions of brilliance
 g - 5 potions of haste
 h - 6 potions of mutation
 i - 2 potions of degeneration
 j - 3 potions of invisibility
 r - 4 potions of might
 v - 7 potions of curing
 I - 4 potions of ambrosia
 T - 6 potions of cancellation
 V - a potion of resistance
 X - 2 potions of magic
 Z - a potion of berserk rage
Miscellaneous
 N - a phial of floods


   Skills:
 - Level 10.0 Fighting
 - Level 3.0 Throwing
 - Level 12.0 Dodging
 - Level 10.0 Stealth
 - Level 5.0 Shields
 - Level 12.0 Spellcasting
 + Level 19.8 Conjurations
 - Level 3.0 Translocations
 - Level 7.0 Transmutations
 - Level 6.0 Ice Magic
 + Level 22.1 Air Magic
 - Level 5.0 Evocations


You had 2 spell levels left.
You knew the following spells:

 Your Spells              Type           Power      Damage    Failure   Level
a - Shock                 Conj/Air       100%       1d9       0%          1
b - Static Discharge      Conj/Air       100%       3-16/arc  0%          2
c - Airstrike             Air            52%        2d(8-24)  0%          4
d - Blink                 Tloc           52%        N/A       1%          2
e - Summon Lightning Spi  Summ/Air       75%        N/A       1%          4
f - Freezing Cloud        Conj/Ice/Air   45%        6-21      1%          5
g - Conjure Ball Lightni  Conj/Air       51%        3x3d18    1%          6
h - Maxwell's Capacitive  Air            52%        ∞         1%          8
i - Storm Form            Tmut/Air       43%        N/A       6%          7

Your spell library contained the following spells:

 Spells                   Type           Power      Damage    Failure   Level
 Eringya's Noxious Bog    Tmut/Pois      14%        N/A       22%         6
 Ensorcelled Hibernation  Hex/Ice        52%        N/A       1%          2
 Passwall                 Tmut/Erth      23%        N/A       1%          2
 Scorch                   Fire           26%        2d6       1%          2
 Summon Small Mammal      Summ           52%        N/A       2%          1
 Swiftness                Air            100%       N/A       0%          3
 Frozen Ramparts          Ice            78%        1d12      1%          3
 Ignite Poison            Fire/Tmut/Pois 23%        N/A       1%          3
 Spider Form              Tmut/Pois      28%        N/A       1%          3
 Flame Wave               Conj/Fire      54%        2d13      1%          4
 Fulminant Prism          Conj/Hex       27%        3d14      1%          4
 Ice Form                 Ice/Tmut       41%        N/A       1%          4
 Iskenderun's Mystic Bla  Conj/Tloc      59%        2d12      1%          4
 Iskenderun's Battlesphe  Conj           79%        2d13      1%          5
 Iron Shot                Conj/Erth      27%        9d6       1%          6
 Starburst                Conj/Fire      27%        6d9       1%          6
 Gell's Gravitas          Tloc           26%        N/A       2%          3
 Lesser Beckoning         Tloc           26%        N/A       2%          3
 Teleport Other           Tloc           26%        N/A       2%          3
 Petrify                  Tmut/Erth      28%        N/A       6%          4
 Call Canine Familiar     Summ           13%        N/A       8%          3
 Summon Guardian Golem    Hex/Summ       13%        N/A       8%          3
 Summon Ice Beast         Ice/Summ       26%        N/A       8%          4
 Spellforged Servitor     Conj/Summ      27%        N/A       10%         7
 Lee's Rapid Deconstruct  Erth           6%         3d7*      17%         5
 Manifold Assault         Tloc           26%        N/A       21%         5
 Metabolic Englaciation   Hex/Ice        13%        N/A       21%         5
 Anguish                  Hex/Necr       6%         N/A       24%         4
 Statue Form              Tmut/Erth      18%        N/A       63%         6
 Dispersal                Tloc           13%        N/A       69%         6
 Summon Cactus Giant      Summ           6%         N/A       97%         6
 Fire Storm               Conj/Fire      27%        8d7       99%         9
 Enfeeble                 Hex            6%         N/A       100%        7
 Ignition                 Fire           6%         3d4       100%        8


Dungeon Overview and Level Annotations

Branches:
Dungeon (15/15)            Temple (1/1) D:4            Lair (5/5) D:10
 Shoals (0/4) Lair:3        Snake (4/4) Lair:3        Slime (0/5) Lair:5
    Orc (2/2) D:10            Elf (0/3) Orc:2        Vaults (1/5) D:14
 Depths (0/4) D:15

Altars:
Ashenzari
Cheibriados
Dithmenos
Elyvilon
Fedhas
Gozag
Hepliaklqana
Kikubaaqudgha
Makhleb
Nemelex Xobeh
Okawaru
Qazlal
Ru
Sif Muna
Trog
Uskayaw
Vehumet
Wu Jian
Xom
Yredelemnul
Zin
The Shining One

Shops:
D:11 ?   Orc:1 ![*[   Orc:2 [(*=

Portals:
Abyss: Snake:1

Annotations:
D:5 2 transporters
D:15 1 runed translucent door, exclusion: orange crystal statue
Snake:1 2 transporters, spiderkeys's ghost, adept OpMo


Innate Abilities, Weirdness & Mutations

You have a beak for a mouth.
You have claws for feet.
Your magical nature lets you fly swiftly and evasively.


Message History

Casting: Blink (safe; 1% risk of failure)
Confirm with . or Enter, or press ? or * to list all spells.
You are still too unstable to blink.
You feel stable enough to blink again.
Aiming: Polymorph
Press: ? - help, Shift-Dir - straight line, f/p - cyan very ugly thing
Aim: a cyan very ugly thing (lightly wounded, will change colour)
Okay, then.
Casting: Blink (safe; 1% risk of failure)
Confirm with . or Enter, or press ? or * to list all spells.
You feel a surge of power!
An electric hum fills the air.
The cyan very ugly thing kicks you but does no damage.
The cyan very ugly thing misses you.
Your lightning spire shoots out a bolt of lightning at the cyan very ugly thing!
The bolt of electricity misses the cyan very ugly thing.
The bolt of electricity hits the cyan very ugly thing.
The cyan very ugly thing resists.
The bolt of electricity hits your lightning spire.
Your lightning spire completely resists.
Your lightning spire shoots out a bolt of lightning at the cyan very ugly thing!
The bolt of electricity hits the cyan very ugly thing.
The cyan very ugly thing resists.
The bolt of electricity hits the cyan very ugly thing.
The cyan very ugly thing resists.
The bolt of electricity hits your lightning spire.
Your lightning spire completely resists.
Unknown command.
The cyan very ugly thing attacks as you move away!
The cyan very ugly thing completely misses you.
As you read the scroll of teleportation, it crumbles to dust.
You feel strangely unstable.
The cyan very ugly thing completely misses you.
Your lightning spire shoots out a bolt of lightning at the cyan very ugly thing!
The bolt of electricity hits the cyan very ugly thing.
The cyan very ugly thing resists.
The cyan very ugly thing attacks as you move away!
The cyan very ugly thing kicks you!!
* * * LOW HITPOINT WARNING * * *
The cyan very ugly thing shocks you. You resist.
You die...

.....###########....#*,,,,,,,,,,,
.....#.........#....#*,,,,,,,,,,,
.....#.........#....#*,,,,,,,,,,,
.....#.........#....#*,,,,,,,,,,,
.....#.........#....#*****#######
.....#.........#....#,,,,,.......
.....#.........#....#.,,,,..>....
.....'.........'....#.,,,,.....##
.....#.........#@...#..,*,......#
.....#.........#u...#..###.......
.....#.........#....#............
.....#.........#....#.........?..
.....###########....#####'#######
..).......[......................
.................................
.......................8.........
#################################


You could see a cyan very ugly thing.

Vanquished Creatures
  Vashnia (Snake:2)
  Rupert (Orc:2)
  2 nagarajas
  2 orc warlords
  3 ironbound preservers
  A very ugly thing (Vaults:1)
  A dire elephant (D:15)
  Snorg (D:13)
  Josephine (D:13)
  2 yaktaur captains (Vaults:1)
  3 salamander tyrants (Snake:4)
  4 hydras
  8 anacondas
  A boulder beetle (D:13)
  2 catoblepae
  5 two-headed ogres
  3 centaur warriors
  8 naga warriors
  A tengu warrior (D:13)
  6 death yaks
  5 shock serpents
  6 orc high priests (Orc:2)
  Sonja (Lair:3)
  11 naga sharpshooters
  8 deep trolls
  4 naga ritualists
  2 salamander mystics (Snake:4)
  A glowing orange brain (Vaults:1)
  A flayed ghost (Vaults:1)
  7 lindwurms
  4 wizards
  An ironbound convoker (Vaults:1)
  3 orc sorcerers
  3 orc knights
  10 mana vipers
  6 cyclopes
  12 salamanders
  7 ugly things
  2 manticores
  30 black mambas
  A gargoyle (D:12)
  An ice statue (D:14)
  Joseph (D:7)
  5 guardian serpents
  19 naga magi
  3 unseen horrors
  7 cane toads
  A rime drake (Lair:4)
  2 yaktaurs (Vaults:1)
  Maggie (D:8)
  3 komodo dragons
  3 tengu conjurers
  3 meliai (D:13)
  2 trolls
  2 ice devils (D:12)
  2 polar bears
  6 blink frogs
  Grinder (D:3)
  2 hornets
  Prince Ribbit (D:8)
  6 dream sheep
  6 slime creatures
  Sigmund (D:5)
  2 vampires
  5 wraiths
  3 water elementals (D:14)
  4 shadows
  42 yaks
  A basilisk (Lair:2)
  A steam dragon (D:6)
  2 wyverns
  Grum (D:8)
  36 nagas
  9 wargs
  7 vampire mosquitoes
  2 acid dragons
  9 water moccasins
  16 orc warriors
  A black bear (D:5)
  12 ice beasts
  2 ogres
  13 wolves
  13 centaurs
  12 kobold brigands
  A phantom (D:5)
  6 bullfrogs
  2 necrophages (D:8)
  3 scorpions
  4 gnoll sergeants
  9 wights
  3 killer bees (D:8)
  8 electric eels
  A howler monkey (D:7)
  2 hounds
  2 jellies (D:5)
  Crazy Yiuf (D:3)
  17 orc priests
  Natasha (thrice) (D:2)
  2 gnoll boudas (D:7)
  Jessica (D:3)
  5 iguanas
  8 orc wizards
  6 hell rats
  22 gnolls
  6 adders
  2 river rats (D:10)
  A shadow imp (D:5)
  A white imp (D:6)
  An ufetubus (D:4)
  2 worms
  2 dart slugs
  72 orcs
  6 ball pythons
  2 bats
  6 endoplasms
  A giant cockroach (D:1)
  13 goblins
  9 hobgoblins
  7 jackals
  32 kobolds
  7 quokkas
  5 frilled lizards
  3 rats
736 creatures vanquished.

Vanquished Creatures (collateral kills)
  3 nagarajas
  A frost giant (D:14)
  A great orb of eyes (D:15)
  An ice dragon (D:14)
  A hydra (Lair:1)
  A boulder beetle (D:13)
  3 catoblepae (Lair:5)
  3 naga warriors
  An ogre mage (D:14)
  2 salamander tyrants (Snake:4)
  4 death yaks (Lair:5)
  4 orc high priests (Orc:2)
  3 naga sharpshooters
  A deep troll (Vaults:1)
  A naga ritualist (Snake:2)
  An orc knight (Orc:1)
  2 wizards (D:12)
  3 mana vipers
  A deep elf pyromancer (D:12)
  An ugly thing (D:14)
  2 orc sorcerers
  5 salamanders
  2 manticores
  7 black mambas
  5 naga magi
  A torpor snail (Lair:1)
  A vault sentinel (Vaults:1)
  4 guardian serpents
  3 cane toads
  A rime drake (Lair:5)
  A komodo dragon (Lair:3)
  A troll (D:13)
  A polar bear (Lair:2)
  A meliai (shapeshifter) (D:14)
  A dream sheep (Lair:3)
  4 slime creatures
  8 blink frogs
  3 wraiths (D:13)
  A culicivora (shapeshifter) (D:15)
  A basilisk (Lair:4)
  A wyvern (Lair:5)
  20 yaks
  2 wargs (Orc:2)
  An acid dragon (D:14)
  6 nagas
  2 water moccasins (Lair:5)
  10 orc warriors
  An ice beast (D:14)
  An ogre (Orc:2)
  A centaur (D:15)
  3 wolves
  5 bullfrogs
  A scorpion (Lair:2)
  7 orc priests
  An orc wizard (Orc:2)
  4 hell rats (Lair:3)
  17 orcs
174 creatures vanquished.

Vanquished Creatures (others)
  Nergalle (Lair:2)
  9 ball lightnings
  19 fungi
  101 plants
130 creatures vanquished.

Grand Total: 1040 creatures vanquished

Notes
Turn   | Place    | Note
-------+----------+-------------------------------------------
     0 | D:1      | quinnr the Tengu Air Elementalist began the quest for the
                  | Orb.
     0 | D:1      | Reached XP level 1. HP: 10/10 MP: 4/4
   237 | D:1      | Reached XP level 2. HP: 15/15 MP: 3/6
   376 | D:1      | Found a faded altar of an unknown god.
  1256 | D:2      | Reached XP level 3. HP: 19/19 MP: 6/8
  1649 | D:2      | Found an opulent altar of Gozag.
  1652 | D:2      | Noticed Natasha
  1667 | D:2      | Killed Natasha
  1668 | D:2      | Reached XP level 4. HP: 24/24 MP: 4/10
  1731 | D:2      | Reached skill level 5 in Air Magic
  2024 | D:2      | Noticed Natasha
  2030 | D:2      | Killed Natasha
  2031 | D:2      | Gained mutation: Your magical nature lets you fly swiftly
                  | and evasively. [Tengu growth]
  2031 | D:2      | Reached XP level 5. HP: 28/28 MP: 6/11
  2104 | D:2      | Reached skill level 6 in Air Magic
  2339 | D:2      | Noticed Natasha
  2342 | D:2      | Killed Natasha
  2589 | D:3      | Noticed Jessica
  2594 | D:3      | Killed Jessica
  2709 | D:3      | Reached skill level 7 in Air Magic
  2790 | D:3      | Learned a level 2 spell: Static Discharge
  2888 | D:3      | Learned a level 4 spell: Airstrike
  3015 | D:3      | Reached XP level 6. HP: 30/32 MP: 4/12
  3503 | D:3      | Found a runed translucent door.
  3504 | D:3      | Noticed Crazy Yiuf
  3519 | D:3      | Noticed Grinder
  3523 | D:3      | Paralysed by Grinder for 2 turns
  3527 | D:3      | Killed Grinder
  3528 | D:3      | Reached skill level 9 in Air Magic
  3528 | D:3      | Reached XP level 7. HP: 36/36 MP: 0/13
  3973 | D:3      | Killed Crazy Yiuf
  4934 | D:4      | Reached skill level 10 in Air Magic
  5018 | D:4      | Found a staircase to the Ecumenical Temple.
  5066 | Temple   | Entered the Ecumenical Temple
  5129 | Temple   | quinnr: !lg * won s=god TeAE
  5129 | Temple   | quinnr: beem
  5129 | Temple   | quinnr: beem
  5129 | Temple   | beem: 537 games for * (won TeAE): 274x Vehumet, 67x
                  | Ashenzari, 60x Sif Muna, 29x Gozag, 18x Ru, 12x
                  | Cheibriados, 12x Kikubaaqudgha, 10x Dithmenos, 7x The
                  | Shining One, 6x Okawaru, 5x Qazlal, 5x Hepliaklqana, 4x Wu
                  | Jian, 4x Fedhas, 4x Makhleb, 4x Elyvilon, 3x Jiyva, 3x
                  | Nemelex Xobeh, 2x Zin, 2x Yredelemnul, 2x Uskayaw, 2x Xom,
                  | Trog, Lugonu
  5129 | Temple   | quinnr: !lg * won -log TeAE -2
  5129 | Temple   | beem: 536/537. Stinkyman, XL27 TeAE, T:109102:
                  | https://crawl.kelbi.org/crawl/morgue/Stinkyman/morgue-Stink
                  | yman-20220726-083205.txt
  5133 | Temple   | quinnr: ??lg
  5133 | Temple   | beem: listgame[1/5]: !lg command displays info about past
                  | games. The manual is available here:
                  | https://github.com/crawl/sequell/blob/master/docs/listgame.
                  | md
  5134 | Temple   | quinnr: !lg * won -log TeAE urune=15
  5134 | Temple   | beem: 93. eys16, XL27 TeAE, T:85301:
                  | https://webzook.net/soup/morgue/trunk/eys16/morgue-eys16-20
                  | 220719-070737.txt
  5134 | Temple   | quinnr: !lg * won s=god TeAE urune=15
  5134 | Temple   | beem: 93 games for * (won TeAE urune=15): 44x Vehumet, 16x
                  | Sif Muna, 12x Ashenzari, 6x Cheibriados, 3x Kikubaaqudgha,
                  | 3x Wu Jian, 3x The Shining One, Zin, Fedhas, Gozag,
                  | Hepliaklqana, Makhleb, Ru
  5171 | Temple   | Became a worshipper of Vehumet
  5786 | D:5      | Entered Level 5 of the Dungeon
  6015 | D:5      | Reached skill level 11 in Air Magic
  6015 | D:5      | Reached XP level 8. HP: 41/41 MP: 4/14
  6130 | D:5      | Noticed Sigmund
  6133 | D:5      | Killed Sigmund
  6353 | D:5      | Found a shadowy altar of Dithmenos.
  6367 | D:5      | Found a glowing silver altar of Zin.
  6368 | D:5      | Found a broken altar of Ashenzari.
  6452 | D:5      | Found a transporter.
  6452 | D:5      | You are sucked into a shaft and drop 1 floor!
  6457 | D:6      | Learned a level 2 spell: Blink
  6720 | D:6      | Reached skill level 1 in Translocations
  7016 | D:5      | Reached skill level 5 in Dodging
  7083 | D:5      | Found a transporter.
  7614 | D:5      | Reached XP level 9. HP: 36/45 MP: 9/15
  7818 | D:6      | Found a shimmering altar of Xom.
  8235 | D:6      | Reached skill level 1 in Fighting
  8846 | D:7      | Noticed Joseph
  9131 | D:7      | Found a snail-covered altar of Cheibriados.
  9153 | D:7      | Noticed a seven-headed hydra
  9475 | D:7      | Killed a seven-headed hydra
  9476 | D:7      | Reached skill level 5 in Spellcasting
  9476 | D:7      | Reached skill level 12 in Air Magic
  9497 | D:8      | Noticed Maggie
  9736 | D:7      | Reached * piety under Vehumet
  9736 | D:7      | Offered knowledge of Magic Dart by Vehumet.
 10096 | D:7      | HP: 4/50 [Joseph/sling bullet (23)]
 10097 | D:7      | Killed Joseph
 10098 | D:7      | Reached XP level 10. HP: 5/56 MP: 2/20
 10874 | D:7      | Reached skill level 13 in Air Magic
 11018 | D:8      | Identified the +1 robe of Avia {*Corrode rElec Str+5 Int+2}
 11312 | D:8      | Noticed a two-headed ogre
 11413 | D:8      | Killed a two-headed ogre
 11953 | D:8      | Noticed Prince Ribbit
 11958 | D:8      | Killed Prince Ribbit
 12194 | D:8      | Identified the amulet of Ekleashri {Acrobat rF+}
 12218 | D:8      | Killed Maggie
 12338 | D:8      | Noticed Grum
 12358 | D:8      | Killed Grum
 12376 | D:8      | Reached skill level 5 in Stealth
 12821 | D:9      | Identified the ring "Iphualeo" {Fire rCorr Str-5 Dex+4}
 13001 | D:9      | Reached ** piety under Vehumet
 13095 | D:9      | Offered knowledge of Searing Ray by Vehumet.
 13096 | D:9      | Reached skill level 14 in Air Magic
 13097 | D:9      | Reached skill level 1 in Throwing
 13110 | D:9      | Reached XP level 11. HP: 39/60 MP: 6/22
 13542 | D:9      | Reached skill level 5 in Fighting
 13749 | D:9      | Found a hide-covered altar of Uskayaw.
 14208 | D:10     | Entered Level 10 of the Dungeon
 14222 | D:10     | Noticed a death yak
 14803 | D:10     | Offered knowledge of Inner Flame by Vehumet.
 15909 | D:10     | Reached skill level 15 in Air Magic
 16018 | D:10     | Found a staircase to the Orcish Mines.
 16511 | D:10     | Reached *** piety under Vehumet
 16578 | D:10     | Noticed a death yak
 16593 | D:10     | Noticed a death yak
 16952 | D:11     | Noticed a cyclops
 16955 | D:11     | Killed a cyclops
 17051 | D:11     | Reached skill level 16 in Air Magic
 17332 | D:11     | Killed a death yak
 17334 | D:10     | Found a staircase to the Lair.
 17910 | D:10     | Killed a death yak
 17911 | D:10     | Reached skill level 17 in Air Magic
 17963 | D:10     | Offered knowledge of Iskenderun's Mystic Blast by Vehumet.
 18446 | D:9      | Killed a death yak
 18447 | D:9      | Reached XP level 12. HP: 68/68 MP: 3/23
 18741 | D:9      | Found a hide-covered altar of Uskayaw.
 19299 | D:11     | Noticed a centaur warrior
 19308 | D:11     | Killed a centaur warrior
 19308 | D:11     | HP: 2/68 [centaur/arrow[a centaur warrior] (13)]
 19317 | D:11     | Reached skill level 5 in Evocations
 19562 | D:11     | Found Guipell's Magic Scroll Shop.
 19688 | D:11     | Noticed a two-headed ogre
 19693 | D:11     | Killed a two-headed ogre
 19771 | D:11     | Noticed a two-headed ogre
 19778 | D:11     | Killed a two-headed ogre
 20262 | D:12     | Noticed a boulder beetle
 20294 | D:12     | Identified a scroll of acquirement
 20294 | D:12     | Acquired a book of the Sky
 20301 | D:12     | Learned a level 4 spell: Summon Lightning Spire
 20336 | Abyss:2  | Cast into level 2 of the Abyss (a wizard)
 20339 | Abyss:2  | Noticed a starflower
 20359 | D:12     | Escaped the Abyss
 20367 | D:12     | Reached skill level 10 in Dodging
 20575 | D:12     | Found the +3 warlock's mirror {reflect}
 20647 | D:12     | Reached **** piety under Vehumet
 21332 | D:12     | Reached skill level 1 in Shields
 21735 | D:13     | Noticed a centaur warrior
 21735 | D:13     | Noticed a centaur warrior
 21735 | D:13     | Noticed a fire dragon
 21735 | D:13     | Noticed a centaur warrior
 21735 | D:13     | Noticed a boulder beetle
 21750 | D:13     | Killed a boulder beetle
 22013 | D:13     | Noticed a fire dragon
 22024 | D:13     | Noticed a boulder beetle
 22024 | D:13     | Noticed a tengu warrior
 22168 | D:13     | Noticed a tengu warrior
 22178 | D:13     | Killed a tengu warrior
 22179 | D:13     | Reached XP level 13. HP: 54/72 MP: 18/27
 22494 | D:13     | Noticed Josephine
 22500 | D:13     | Killed Josephine
 22501 | D:13     | Reached skill level 10 in Spellcasting
 22567 | D:13     | Reached skill level 5 in Shields
 23835 | D:13     | Noticed a great orb of eyes
 23835 | D:13     | an anaconda changed into a great orb of eyes
 23859 | D:13     | Noticed a fire dragon
 23859 | D:13     | a great orb of eyes changed into a fire dragon
 23877 | D:13     | a fire dragon changed into an anaconda
 24050 | D:13     | Noticed Snorg
 24058 | D:13     | Killed Snorg
 24502 | Lair:1   | Entered Level 1 of the Lair of Beasts
 24510 | Lair:1   | Offered knowledge of Yara's Violent Unravelling by Vehumet.
 26191 | Lair:2   | Noticed Nergalle
 26197 | Lair:2   | Killed Nergalle
 26904 | Lair:2   | You are sucked into a shaft and drop 2 floors!
 27095 | Lair:4   | Reached ***** piety under Vehumet
 27107 | Lair:4   | Offered knowledge of Freezing Cloud by Vehumet.
 27644 | Lair:4   | Learned a level 5 spell: Freezing Cloud
 28096 | Lair:5   | Entered Level 5 of the Lair of Beasts
 28196 | Lair:5   | Reached XP level 14. HP: 82/82 MP: 30/30
 28454 | Lair:5   | Reached skill level 1 in Ice Magic
 29501 | Lair:5   | Found a staircase to the Slime Pits.
 30179 | Lair:5   | Identified the +1 halberd "Zirrucia" {antimagic, rElec
                  | Str+3}
 30471 | Lair:5   | Upgraded the game from 0.29-a0-1019-g84f7d21838 to
                  | 0.29-a0-1023-g6ae1a4a2c7
 30641 | Lair:3   | Noticed Sonja
 30643 | Lair:3   | Killed Sonja
 31007 | Lair:3   | Reached skill level 18 in Air Magic
 31089 | Lair:3   | Found a staircase to the Snake Pit.
 31147 | Lair:3   | Found a staircase to the Shoals.
 32154 | Lair:2   | Identified the +0 robe "Inwoxaod" {rPois SInv}
 32456 | Orc:1    | Entered Level 1 of the Orcish Mines
 32708 | Orc:1    | Found Idyas's Distillery.
 32807 | Orc:2    | Entered Level 2 of the Orcish Mines
 32863 | Orc:2    | Noticed Rupert
 32871 | Orc:2    | Paralysed by Rupert for 4 turns
 32874 | Orc:2    | Killed Rupert
 33178 | Orc:2    | Reached XP level 15. HP: 90/90 MP: 21/32
 33481 | Orc:2    | Paralysed by an orc sorcerer for 2 turns
 33484 | Orc:2    | Reached skill level 5 in Ice Magic
 33696 | Orc:2    | Offered knowledge of Lightning Bolt by Vehumet.
 34163 | Orc:2    | Found a staircase to the Elven Halls.
 34634 | Orc:2    | Found Mifi's Antique Weapon Boutique.
 34634 | Orc:2    | Found Daqeud's Antique Armour Shoppe.
 34809 | Orc:2    | Found Fakiax's Jewellery Boutique.
 34809 | Orc:2    | Found Ziumo's General Store.
 34995 | Orc:2    | Reached skill level 10 in Fighting
 35062 | Orc:1    | Found Seloel's Antique Armour Shoppe.
 35170 | Orc:1    | Found Kyocwing's General Store.
 35178 | Orc:1    | Bought a scroll of noise for 12 gold pieces
 35550 | Orc:1    | Found Peoboph's Armour Boutique.
 35558 | Orc:1    | Bought the +3 ring mail of the Gardener {rElec Will+++
                  | Int+10 Dex-2} for 1089 gold pieces
 35666 | Orc:1    | Reached skill level 19 in Air Magic
 35677 | Orc:1    | Noticed an orc warlord
 35847 | Orc:2    | Killed an orc warlord
 35992 | Orc:1    | Offered knowledge of Conjure Ball Lightning by Vehumet.
 36101 | Orc:1    | quinnr: ??ring mail
 36101 | Orc:1    | beem: ring mail[1/1]: 5AC, 7ER.
 36426 | Orc:1    | Got Ydil's Verses on Virous Incandescence
 36501 | Orc:1    | Noticed an orc warlord
 36506 | Orc:1    | Identified the +4 chain mail "Ylinkad" {rElec rCorr Dex+2}
 36507 | Orc:1    | Killed an orc warlord
 36508 | Orc:1    | Reached skill level 5 in Conjurations
 36990 | D:14     | Found an ancient bone altar of Kikubaaqudgha.
 37763 | D:14     | Reached skill level 10 in Conjurations
 38429 | D:14     | Learned a level 6 spell: Conjure Ball Lightning
 38605 | D:14     | Found a gate to the Vaults.
 38697 | D:14     | Noticed a frost giant
 38707 | D:14     | Killed a frost giant
 39143 | D:15     | Entered Level 15 of the Dungeon
 39173 | D:15     | Found a runed translucent door.
 39174 | D:15     | Found the +3 crown of Dyrovepreva {rElec Int+2 SInv}
 39189 | D:15     | Found a radiant altar of Vehumet.
 39436 | D:15     | Offered knowledge of Lee's Rapid Deconstruction by Vehumet.
 39797 | D:15     | Reached skill level 15 in Conjurations
 39806 | D:15     | Learned a level 8 spell: Maxwell's Capacitive Coupling
 39888 | D:15     | Found a staircase to the Depths.
 40008 | D:15     | Reached XP level 16. HP: 91/97 MP: 17/33
 40398 | D:15     | Identified the +2 robe of Orghao {rF+ Int-2 Dex+3}
 40411 | D:15     | Learned a level 7 spell: Storm Form
 40589 | Snake:1  | Entered Level 1 of the Snake Pit
 40893 | Snake:1  | Found a one-way gate to the infinite horrors of the Abyss.
 40893 | Snake:1  | Noticed spiderkeys's ghost (adept OpMo)
 40910 | Snake:1  | Found a transporter.
 40914 | Snake:1  | Noticed a tentacled starspawn
 40918 | Snake:1  | Noticed a profane servitor
 40924 | Snake:1  | Found a transporter.
 41140 | Snake:1  | Reached skill level 1 in Transmutations
 41957 | Snake:2  | Noticed Vashnia
 41972 | Snake:2  | Killed Vashnia
 42150 | Snake:2  | Reached skill level 20 in Air Magic
 42823 | Snake:2  | Noticed a nagaraja
 42841 | Snake:2  | Killed a nagaraja
 44195 | Snake:3  | Noticed a nagaraja
 44206 | Snake:3  | Killed a nagaraja
 44568 | Snake:3  | Noticed a nagaraja
 44572 | Snake:3  | Noticed a nagaraja
 44603 | Snake:3  | Killed a nagaraja
 44604 | Snake:3  | Killed a nagaraja
 44798 | Snake:3  | Offered knowledge of Ozocubu's Refrigeration by Vehumet.
 45150 | Snake:3  | Reached XP level 17. HP: 97/102 MP: 32/34
 45633 | Snake:3  | Identified the ring of Nemelex Xobeh's Anger {rF++ rN+
                  | Int+4 Stlth-}
 46181 | Snake:4  | Entered Level 4 of the Snake Pit
 46419 | Snake:4  | Reached skill level 5 in Transmutations
 46906 | Snake:4  | Reached skill level 21 in Air Magic
 47158 | Snake:4  | HP: 2/102 [salamander tyrant (33)]
 50189 | Snake:4  | Offered knowledge of Eringya's Noxious Bog by Vehumet.
 50778 | Snake:4  | Reached skill level 10 in Stealth
 51119 | Snake:4  | Got a serpentine rune of Zot
 51518 | Vaults:1 | Entered Level 1 of the Vaults
 52156 | Vaults:1 | Reached XP level 18. HP: 86/107 MP: 18/35
 52330 | Vaults:1 | Reached skill level 22 in Air Magic
 52689 | Vaults:1 | Got Ileogy's Book of Boreal Calefaction
 52863 | Vaults:1 | HP: 6/107 [cyan very ugly thing (19)]
 52863 | Vaults:1 | Slain by a cyan very ugly thing

Illustrated notes

Levels and vault maps discovered:
D:1:      zelgadis_glass_arrival_small, layout_basic,
          shapermc_ecumenical_altar_mp_vishouse
D:2:      layout_basic, basic_altar, minmay_goblin_kobold_house, uniq_natasha
D:3:      layout_basic, kennysheep_generic_room_3, uniq_grinder, uniq_jessica,
          uniq_crazy_yiuf_cottage
D:4:      layout_loops_ring, temple_doors_e
D:5:      gammafunk_cloud_chamber, layout_basic, grunt_temple_overflow_open,
          lemuel_crystal_altar, serial_co_window_serial,
          co_window_of_opportunity_a, co_window_corner_a, co_window_paths_a,
          co_window_of_opportunity_a, co_window_of_opportunity_a,
          co_window_broadway_b, co_window_unsneaky_path_e, co_window_corner_cb,
          co_window_cross_2, glass_columns_c, uniq_sigmund
D:6:      layout_loops_ring, xom_confusion_cloud
D:7:      layout_cave_pods, general_overflow_altar, nicolae_grassy_gnolls,
          uniq_joseph
D:8:      layout_basic, corexii_hall_statues_t, uniq_grum, uniq_prince_ribbit1,
          uniq_maggie
D:9:      layout_basic, mainiacjoe_overflow_cross_hatched
D:10:     layout_basic, dpeg_lair_monsters,
          kennysheep_orc_monster_closet_entryway, dk_noncrumbling_2
D:11:     layout_gridville, serial_shops, nicolae_square_shop
D:12:     minmay_smoke_and_mirrors, layout_basic, portal_ice_cave_demonic_guard
D:13:     layout_gridville, minivault_12, uniq_snorg, uniq_josephine
D:14:     minmay_twisted_water, layout_cave_pools, david_vaults_2,
          nicolae_kikubaaqudgha_miasma_corner
D:15:     hangedman_depths_entry_try_elsewhere_first, layout_basic,
          nicolae_vehumet_radiance, minmay_crystal_box
Temple:   eino_temple_scatter_basement
Lair:1:   layout_gridlike, eino_small_chamber_without_monster,
          patterned_corridor
Lair:2:   layout_gridlike, grunt_megastairs_4, serial_bayou_shore_b,
          lemuel_fruit_tree, serial_bayou_shore_b, uniq_nergalle
Lair:3:   layout_gridlike, elwin_shoals_entry_rocks,
          guppyfry_snake_entry_garden, uniq_sonja
Lair:4:   layout_regular_city, bh_autumn_forest_stairs
Lair:5:   evilmike_catoblepas_cave, layout_hall_layers, slime_entry_1,
          st_stairs_11
Snake:1:  layout_grid_maze, gammafunk_ghost_abyssal_escape
Snake:2:  layout_cave_pods, grunt_megastairs_3, uniq_vashnia
Snake:3:  cheibrodos_snake_ritualist_ritual, layout_misc_corridors,
          hangedman_snake_sidewinding, serial_bayou_shore_b
Snake:4:  snake_pit_salamanders_mu, layout_onion_interference
Orc:1:    layout_caves, serial_shops, shop_fountains, shop,
          nicolae_shop_advertising_works [nicolae_subvault_shop_adworks],
          nicolae_shop_behind_doors, minmay_orc_treasury
Orc:2:    st_orc_town, layout_caves, basic_altar, uniq_rupert
Vaults:1: portal_desolation_entry_garden, nicolae_vaults_big_angled_halls,
          nicolae_vaults_network_star, v_pattern_4, hangedman_vaults_nails,
          v_misc_2, nicolae_vaults_border_crossing, ontoclasm_vaults_gateway,
          layout_vaults_quadrants, serial_shops, nicolae_shop_overgrown_old_shop

Skill      XL: |  1  2  3  4  5  6  7  8  9 10 11 12 13 14 15 16 17 18 |
---------------+-------------------------------------------------------+-----
Spellcasting   | 3 6 7 9 11 12 | 12.0
Air Magic      | 5 7 9 11 12 14 17 18 19 20 21 22 | 22.1
Dodging        | 5 6 8 10 11 12 | 12.0
Stealth        | 4 5 8 10 | 10.0
Translocations | 2 3 |  3.0
Fighting       | 3 5 7 9 10 | 10.0
Throwing       | 3 |  3.0
Evocations     | 3 5 |  5.0
Shields        | 3 5 |  5.0
Conjurations   | 4 15 18 19 | 19.8
Ice Magic      | 4 6 |  6.0
Transmutations | 4 6 7 |  7.0

Action                   |  1- 3 |  4- 6 |  7- 9 | 10-12 | 13-15 | 16-18 || total
-------------------------+-------+-------+-------+-------+-------+-------++-------
Melee: Unarmed           |     5 |     2 |       |       |       |    23 ||    30
       Kick              |     1 |     1 |       |     9 |     5 |     6 ||    22
       Peck              |     1 |       |       |     4 |     4 |     5 ||    14
       Staff             |       |       |       |    11 |    13 |    22 ||    46
       Punch             |       |       |       |     1 |       |     1 ||     2
 Cast: Shock             |    67 |    99 |   162 |   333 |   470 |   180 ||  1311
       Airstrike         |       |     4 |    36 |   128 |   285 |   273 ||   726
       Static Discharge  |       |       |    10 |    74 |   103 |    58 ||   245
       Summon Lightning  |       |       |       |    17 |   121 |    64 ||   202
       Freezing Cloud    |       |       |       |       |    29 |    76 ||   105
       Blink             |       |       |       |       |     4 |     3 ||     7
       Conjure Ball Ligh |       |       |       |       |     3 |       ||     3
       Storm Form        |       |       |       |       |       |     5 ||     5
       Maxwell's Capacit |       |       |       |       |       |     1 ||     1
 Abil: Blinkbolt         |       |       |       |       |       |     2 ||     2
Evoke: Wand              |       |       |     2 |     5 |     1 |     3 ||    11
       Phial of floods   |       |       |       |       |     2 |     2 ||     4
  Use: Scroll            |     4 |     4 |     4 |    10 |     4 |     6 ||    32
       Potion            |       |       |       |     3 |       |     3 ||     6
Armor: Robe              |     3 |     2 |     2 |    24 |    10 |    15 ||    56
       Skin              |       |       |       |       |       |    11 ||    11
Dodge: Dodged            |    17 |    13 |    31 |   236 |   125 |   296 ||   718
       Repelled          |       |       |       |       |       |    15 ||    15
Block: Buckler           |       |       |       |     7 |    78 |   108 ||   193
       Reflection        |       |       |       |     1 |    18 |    40 ||    59

Table legend: (Time is in decaauts)
 A = Elapsed time spent in this place.
 B = Non-inter-level travel time spent in this place.
 C = Inter-level travel time spent in this place.
 D = Time resting spent in this place.
 E = Time spent auto-exploring this place.
 F = Levels seen in this place.
 G = Mean time per level.
                   A        B        C        D        E       F      G
               +--------+--------+--------+--------+--------+-----+--------+
         Total |  50911 |  48608 |   2303 |   9440 |  32486 |  29 | 1755.6 |
       Dungeon |  27807 |  26492 |   1315 |   6660 |  16383 |  15 | 1853.8 |
        Temple |    202 |    166 |     36 |      0 |    152 |   1 |  202.0 |
          Lair |   7529 |   7150 |    379 |    963 |   5310 |   5 | 1505.8 |
     Snake Pit |  10402 |   9941 |    461 |   1364 |   7240 |   4 | 2600.5 |
  Orcish Mines |   4206 |   4114 |     92 |    452 |   2986 |   2 | 2103.0 |
        Vaults |    743 |    724 |     19 |      0 |    412 |   1 |  743.0 |
         Abyss |     20 |     20 |      0 |      0 |      0 |   1 |   20.0 |
               +--------+--------+--------+--------+--------+-----+--------+

Top non-repeatable levels by time:
 Snake:4: 4001 daAuts
    D:13: 2876 daAuts
 Snake:3: 2699 daAuts
 Snake:2: 2681 daAuts
   Orc:2: 2662 daAuts
    D:14: 2552 daAuts
    D:11: 2531 daAuts
    D:10: 2505 daAuts
     D:8: 2102 daAuts
  Lair:5: 2066 daAuts
     D:9: 2011 daAuts
    D:12: 1647 daAuts
     D:7: 1584 daAuts
     D:5: 1572 daAuts
   Orc:1: 1543 daAuts
